[Event "Charlotte Thanksgiving GM 2020"]
[Site "Charlotte"]
[Date "2020.11.30"]
[Round "9.1"]
[White "Gauri, Shankar"]
[Black "Tokhirjonova, Gulrukhbegim"]
[Result "1/2-1/2"]
[ECO "D02"]
[WhiteElo "2356"]
[BlackElo "2378"]
[Annotator "ChessBase"]
[PlyCount "92"]
[EventDate "2020.11.26"]
[EventType "tourn"]
[EventCountry "USA"]
[SourceTitle "playchess.com"]
[Source "ChessBase"]
[SourceQuality "1"]
[TimeControl "5400+30"]

1. Nf3 Nf6 2. g3 d5 3. Bg2 g6 4. d4 Bg7 5. O-O O-O 6. c3 c6 7. Re1 a5 8. Bf4 Qb6 9. Qb3 Nbd7 10. Nbd2 a4 11. Qa3 Re8 12. c4 Ne4 13. Rac1 Nxd2 14. Bxd2 e5 15. cxd5 cxd5 16. dxe5 Nxe5 17. Nxe5 Bxe5 18. Bxd5 Bxb2 19. Qf3 Be6 20. Rb1 Bxd5 21. Qxd5 Rad8 22. Qg5 Qd4 23. Be3 Qc3 24. Qb5 a3 25. Rbd1 Qc6 26. Qxc6 bxc6 27. Kf1 f5 28. Rd3 Rd5 29. Red1 Red8 30. Bc5 Rxd3 31. Rxd3 Rxd3 32. exd3 Kf7 33. Ke2 Ke6 34. f3 Kd5 35. Be7 c5 36. Bg5 c4 37. dxc4+ Kxc4 38. Kd2 Bc3+ 39. Kc2 Bb4 40. Bf6 Bd6 41. Kd2 Bc5 42. h3 h5 43. Be5 Kd5 44. Bf4 Kc4 45. Be5 Kd5 46. Bf4 Kc4 1/2-1/2